 Dungeon Crawl Stone Soup version 0.29.1-14-g9c671dbff4 (console) character file.

Game seed: 14376841204194537547

80 om the Magician (level 4, -1/31 HPs)
             Began as a Djinni Fire Elementalist on Feb 16, 2023.
             Slain by a gnoll
             ... wielding a +0 club
              (7 damage)
             ... on level 2 of the Dungeon.
             The game lasted 00:04:53 (1887 turns).

om the Magician (Djinni Fire Elementalist)          Turns: 1887, Time: 00:04:54

Health: -1/31      AC:  2    Str: 13    XL:     4   Next: 65%
Gold:   104        EV: 13    Int: 16    God:
                   SH:  0    Dex: 16

rFire   + + .      SeeInvis .   e - +3 dagger
rCold   x . .      Faith    .   (no shield)
rNeg    . . .      Spirit   .   a - +0 robe
rPois   ∞          Reflect  .   (no helmet)
rElec   .          Harm     .   (no cloak)
rCorr   +          Rampage  .   (no gloves)
Will    .....                   (boots unavailable)
Stlth   ++........              (no amulet)
HPRegen 0.10/turn               c - ring of resist corrosion
MPRegen 0.00/turn               j - +6 ring of strength

@: flying
A: sickness immunity, fire resistance 2, cold vulnerability 1, float, innate
caster, HP casting, extra vitality 1
a: no special abilities


You were on level 2 of the Dungeon.
You visited 1 branch of the dungeon, and saw 2 of its levels.

You collected 104 gold pieces.

Inventory:

Hand Weapons
 e - a +3 dagger (weapon)
Armour
 a - a +0 robe (worn)
Jewellery
 b - an amulet of faith
 c - a ring of resist corrosion (left hand)
 j - a +6 ring of strength (right hand)
Scrolls
 n - a scroll of butterflies {unknown}
Potions
 d - a potion of flight {unknown}
 f - 2 potions of curing
 g - a potion of magic {unknown}
 h - a potion of attraction {unknown}
 k - 3 potions of might {unknown}
 l - a potion of cancellation {unknown}


   Skills:
 - Level 3.0 Dodging
 + Level 2.8 Stealth
 + Level 3.1 Spellcasting


You couldn't memorise any spells.
You knew the following spells:

 Your Spells              Type           Power      Damage    Failure   Level
a - Foxfire               Conj/Fire      48%        2x1d6     5%          1
b - Scorch                Fire           24%        2d6       8%          2
c - Conjure Flame         Conj/Fire      12%        6-21      16%         3
d - Inner Flame           Hex/Fire       12%        N/A       16%         3
e - Flame Wave            Conj/Fire      12%        2d6       45%         4
f - Beastly Appendage     Tmut           24%        N/A       5%          1
Your spell library was empty.

Dungeon Overview and Level Annotations

Branches:
Dungeon (2/15)

Altars:
Zin


Innate Abilities, Weirdness & Mutations

You are immune to sickness and miasma.
You are immune to poison.
Your flesh is very heat resistant. (rF++)
You are vulnerable to cold. (rC-)
You float through the air rather than walking.
You learn spells naturally, not from books.
Your magical power is your life essence.
You have superior vitality. (+4 MHP)


Message History

You conjure some foxfire!
The foxfire hits the gnoll.
The gnoll is lightly wounded.
The foxfire hits the ball python.
The ball python is severely wounded.
A gnoll comes into view. It is wielding a +0 spear.
The gnoll closely misses you.
The ball python bites you but does no damage.
The ball python barely misses you.
Your foxfire dissipates!
As you read the scroll labelled CYNGOD RO WIGU, it crumbles to dust.
You feel strangely unstable.
It was a scroll of teleportation.
The ball python bites you but does no damage.
The ball python grabs you. The ball python constricts you.
The gnoll hits you with a +0 club. The ball python misses you.
The ball python constricts you.
You escape the ball python's grasp.
Your magical contamination has completely faded away.
The gnoll attacks as you move away! The gnoll barely misses you.
Your surroundings flicker for a moment.
The gnoll attacks as you move away! The gnoll closely misses you.
Found a ring mail.
Okay, then.
As you read the scroll labelled RUHO DEFECE, it crumbles to dust.
It is a scroll of identify.
f - 2 potions of curing The gnoll hits you with a +0 club.
Casting: Foxfire (safe; 5% risk of failure)
Confirm with . or Enter, or press ? or * to list all spells.
Flames lash the gnoll.
The gnoll is severely wounded.
The gnoll's fire resistance burns away.
* * * LOW HITPOINT WARNING * * *
The gnoll closely misses you.
Casting: Scorch (safe; 8% risk of failure)
Confirm with . or Enter, or press ? or * to list all spells.
Flames lash the ball python.
You kill the ball python!
* * * LOW HITPOINT WARNING * * *
The gnoll hits you with a +0 club!
You die...

#........#..#
#..###.....
#...#######.#
#.......#.. #...# #.#
#.......... ##### #.#
#.....###.. #.# #.....#
### #.# #.....#.# #.#
#.......#
.###.####+####....##....
. .......@gSl.......#
#### ##..
...[....###.....### ....
........##......†.# ....
........##.##.##..# ....
........##.##.##.....
....
........##l..........
##..
.........g....#......#
###......gg....#......
............w..


You could see a gnoll (combustible), a ball python and a frilled lizard.

Vanquished Creatures
  3 adders (D:2)
  A worm (D:2)
  A dart slug (D:2)
  4 endoplasms
  2 giant cockroaches (D:1)
  5 goblins
  4 hobgoblins (D:1)
  5 jackals (D:1)
  3 kobolds
  3 quokkas (D:1)
  6 ball pythons
  4 bats
  2 frilled lizards
  3 rats (D:1)
46 creatures vanquished.

Vanquished Creatures (others)
  115 foxfires
115 creatures vanquished.

Grand Total: 161 creatures vanquished

Notes
Turn   | Place    | Note
-------+----------+-------------------------------------------
     0 | D:1      | om the Djinni Fire Elementalist began the quest for the
                  | Orb.
     0 | D:1      | om set off with the following spells memorised: Foxfire,
                  | Scorch, Conjure Flame, Inner Flame, Flame Wave.
     0 | D:1      | Reached XP level 1. HP: 15/15 MP: 0/0
   146 | D:1      | Reached XP level 2. HP: 20/21 MP: 0/0
   625 | D:1      | Reached XP level 3. HP: 24/25 MP: 0/0
   625 | D:1      | Learned a level 1 spell: Beastly Appendage
  1383 | D:2      | Reached XP level 4. HP: 26/31 MP: 0/0
  1605 | D:2      | Found a glowing silver altar of Zin.
  1887 | D:2      | Slain by a gnoll

Illustrated notes

Levels and vault maps discovered:
D:1:      tarquinn_simple_flora_water_e, layout_loops_ring
D:2:      minmay_chambers_of_twos, layout_basic, basic_altar,
          hellmonk_ecumenical_altar_inner_sanctum,
          hangedman_abyss_or_decor_lesser_grid, minmay_octomino_e4, uniq_sigmund

Skill      XL: |  1  2  3  4 |
---------------+-------------+-----
Stealth        | 2 |  2.8
Dodging        | 3 |  3.0
Spellcasting   | 3 |  3.1

Action                   |  1- 3 |  4- 6 || total
-------------------------+-------+-------++-------
Melee: Dagger            |    12 |       ||    12
       Unarmed           |     2 |       ||     2
 Cast: Foxfire           |    42 |    27 ||    69
       Scorch            |     2 |     3 ||     5
  Use: Scroll            |       |     2 ||     2
 Stab: Sleeping          |     7 |       ||     7
Armor: Robe              |     1 |     2 ||     3
Dodge: Dodged            |    14 |     7 ||    21
